[Event "Austria Championship Blitz 2024"]
[Site "Innsbruck"]
[Date "2024.06.01"]
[Round "5.8"]
[White "Kienboeck, Benjamin"]
[Black "Binder, Moriz"]
[Result "0-1"]
[ECO "C95"]
[WhiteElo "2187"]
[BlackElo "2210"]
[Annotator "RC"]
[PlyCount "118"]
[EventDate "2024.06.01"]
[EventType "swiss"]
[EventCountry "AUT"]
[SourceTitle "playchess.com"]
[Source "ChessBase"]
[SourceQuality "1"]
[TimeControl "180+2"]

1. e4 e5 2. Nf3 Nc6 3. Bb5 a6 4. Ba4 Nf6 5. O-O Be7 6. Re1 b5 7. Bb3 d6 8. c3 O-O 9. h3 Nb8 10. d4 Nbd7 11. Nbd2 Bb7 12. a4 Re8 13. Bc2 Bf8 14. b4 d5 15. dxe5 Nxe4 16. Nxe4 dxe4 17. Bxe4 Bxe4 18. Rxe4 Nxe5 19. Qxd8 Nxf3+ 20. gxf3 Raxd8 21. Rxe8 Rxe8 22. Bf4 c6 23. axb5 axb5 24. Ra6 Re6 25. Ra8 g5 26. Be3 Kg7 27. Kf1 Be7 28. Ke2 Bf6 29. Kd3 Rd6+ 30. Bd4 Kg6 31. Ra7 h5 32. Rc7 Be5 33. Rc8 Kf5 34. Ke3 Bxd4+ 35. cxd4 f6 36. f4 Re6+ 37. Kf3 g4+ 38. hxg4+ hxg4+ 39. Kg3 Rd6 40. d5 cxd5 41. Rc5 Ke4 42. Rxb5 f5 43. Rb8 d4 44. Re8+ Kd3 45. b5 Rb6 46. Re5 Kc2 47. Rxf5 d3 48. Rd5 d2 49. Kxg4 Rxb5 50. Rxd2+ Kxd2 51. f5 Kd3 52. f3 Kd4 53. Kg5 Ke5 54. Kg6 Rb6+ 55. Kg5 Kd6 56. f6 Ke6 57. Kg6 Rb8 58. Kg7 Rb7+ 59. Kg6 Rf7 0-1

[Event "Austria Championship Blitz 2024"]
[Site "Innsbruck"]
[Date "2024.06.01"]
[Round "5.9"]
[White "Zanon, Magnus"]
[Black "Neuschmied, Siegfried"]
[Result "1/2-1/2"]
[ECO "D03"]
[WhiteElo "2092"]
[BlackElo "2234"]
[Annotator "RC"]
[PlyCount "117"]
[EventDate "2024.06.01"]
[EventType "swiss"]
[EventCountry "AUT"]
[SourceTitle "playchess.com"]
[Source "ChessBase"]
[SourceQuality "1"]
[TimeControl "180+2"]

1. d4 Nf6 2. Bg5 d5 3. e3 Nbd7 4. Nf3 h6 5. Bf4 e6 6. Nbd2 Nh5 7. Be5 c6 8. Bd3 Nxe5 9. dxe5 g6 10. O-O Bc5 11. Nd4 Qe7 12. c3 Bb6 13. Qc2 O-O 14. a4 a6 15. a5 Bc7 16. f4 Ng7 17. Kh1 Bd7 18. Rg1 c5 19. N4f3 Bc6 20. Raf1 Rac8 21. e4 Bxa5 22. exd5 exd5 23. f5 gxf5 24. Bxf5 Rcd8 25. h3 Bc7 26. Re1 Nxf5 27. Qxf5 Qe6 28. Qf4 Qg6 29. Nh4 Qg5 30. Rgf1 f6 31. Qxg5+ fxg5 32. Ng6 Rxf1+ 33. Rxf1 d4 34. Nf3 d3 35. Ne7+ Kg7 36. Nd2 Bd5 37. Nxd5 Rxd5 38. e6 Bd6 39. Nc4 Kg6 40. g4 b5 41. Nxd6 Rxd6 42. Re1 d2 43. Rd1 Kf6 44. Kg2 Kxe6 45. Kf2 Ke5 46. Ke3 c4 47. Ke2 Kf4 48. Rf1+ Kg3 49. Kd1 Kxh3 50. Rg1 Kh2 51. Rf1 Kg3 52. Rg1+ Kf2 53. Rh1 Ke3 54. Rf1 Ke4 55. Rf2 a5 56. Rf5 b4 57. Rxa5 bxc3 58. bxc3 Kd3 59. Rd5+ 1/2-1/2

[Event "Austria Championship Blitz 2024"]
[Site "Innsbruck"]
[Date "2024.06.01"]
[Round "5.10"]
[White "Horvath, Reka"]
[Black "Wetscher, Wolfgang"]
[Result "0-1"]
[ECO "A04"]
[WhiteElo "2009"]
[BlackElo "1937"]
[Annotator "RC"]
[PlyCount "122"]
[EventDate "2024.06.01"]
[EventType "swiss"]
[EventCountry "AUT"]
[SourceTitle "playchess.com"]
[Source "ChessBase"]
[SourceQuality "1"]
[TimeControl "180+2"]

1. Nf3 c6 2. d4 Qc7 3. e4 d6 4. Bc4 e6 5. O-O Nd7 6. Bb3 Ngf6 7. d5 cxd5 8. exd5 e5 9. Nc3 a6 10. a4 Be7 11. Re1 O-O 12. a5 Nc5 13. Ba2 Bg4 14. h3 Bh5 15. b4 Ncd7 16. Bb2 Rfe8 17. Qd3 Bg6 18. Qe2 h6 19. Rad1 Rac8 20. Nh4 Bh7 21. Qf3 Nf8 22. Nf5 Bxf5 23. Qxf5 Qd7 24. Qf3 Ng6 25. Rd2 Rc7 26. Ne4 Nxe4 27. Qxe4 Rec8 28. c4 f5 29. Qe2 Bf6 30. c5 Kh7 31. Rc1 dxc5 32. bxc5 Rxc5 33. Rxc5 Rxc5 34. Ba3 Rc8 35. d6 Nf4 36. Qd1 Ne6 37. Qb1 Nd4 38. Rb2 Rb8 39. Bc5 Nc6 40. Ba3 Nxa5 41. Qe1 Nc6 42. Qc3 e4 43. Qc5 Bxb2 44. Bxb2 b6 45. Qc3 b5 46. Bd5 Rc8 47. Qe1 Nb4 48. Bb3 Nd3 49. Qd2 Nxb2 50. Qxb2 Qxd6 51. Qe2 Rd8 52. Qh5 Qg6 53. Qe2 Qf6 54. g3 Rf8 55. Qe3 Qa1+ 56. Kh2 Qe5 57. Qb6 Qf6 58. Qc7 b4 59. Qb7 a5 60. Ba4 h5 61. Qa6 Qxa6 0-1

[Event "Austria Championship Blitz 2024"]
[Site "Innsbruck"]
[Date "2024.06.01"]
[Round "5.11"]
[White "Wohlfahrt, Herbert"]
[Black "Guba, Viktor"]
[Result "1-0"]
[ECO "E60"]
[WhiteElo "2328"]
[BlackElo "1891"]
[Annotator "RC"]
[PlyCount "55"]
[EventDate "2024.06.01"]
[EventType "swiss"]
[EventCountry "AUT"]
[SourceTitle "playchess.com"]
[Source "ChessBase"]
[SourceQuality "1"]
[TimeControl "180+2"]

1. Nf3 Nf6 2. c4 g6 3. b3 Bg7 4. Bb2 O-O 5. g3 d6 6. d4 c5 7. Bg2 Nfd7 8. Nc3 Nc6 9. d5 Nce5 10. Nd2 a6 11. a4 f5 12. O-O Nf6 13. h3 Bd7 14. Qc2 Rb8 15. f4 Nf7 16. e4 fxe4 17. Ndxe4 Qc8 18. Kh2 h5 19. Nxf6+ exf6 20. Qxg6 Bf5 21. Qxh5 Bc2 22. Ne4 Nd8 23. Qg6 Bxe4 24. Bxe4 Rf7 25. Bf5 Qc7 26. Rae1 Kf8 27. h4 b5 28. h5 1-0

[Event "Austria Championship Blitz 2024"]
[Site "Innsbruck"]
[Date "2024.06.01"]
[Round "5.12"]
[White "Vrban, Damir"]
[Black "Hatzl, Johannes"]
[Result "1/2-1/2"]
[ECO "B01"]
[WhiteElo "2151"]
[BlackElo "2074"]
[Annotator "RC"]
[PlyCount "47"]
[EventDate "2024.06.01"]
[EventType "swiss"]
[EventCountry "AUT"]
[SourceTitle "playchess.com"]
[Source "ChessBase"]
[SourceQuality "1"]
[TimeControl "180+2"]

1. e4 d5 2. d3 dxe4 3. dxe4 Qxd1+ 4. Kxd1 e5 5. Nf3 f6 6. Be3 Be6 7. Nbd2 Nc6 8. c3 Bd6 9. Bc4 Bxc4 10. Nxc4 O-O-O 11. Nxd6+ Rxd6+ 12. Kc2 Nge7 13. Rad1 Rhd8 14. Rxd6 Rxd6 15. b4 a6 16. a4 g6 17. Nd2 Rd7 18. Nc4 Nd8 19. b5 axb5 20. axb5 Ne6 21. Ra1 Kb8 22. Ba7+ Kc8 23. Be3 Kb8 24. Ba7+ 1/2-1/2

[Event "Austria Championship Blitz 2024"]
[Site "Innsbruck"]
[Date "2024.06.01"]
[Round "5.13"]
[White "Froewis, Annika"]
[Black "Teuschler, Barbara"]
[Result "0-1"]
[ECO "B45"]
[WhiteElo "2075"]
[BlackElo "2040"]
[Annotator "RC"]
[PlyCount "44"]
[EventDate "2024.06.01"]
[EventType "swiss"]
[EventCountry "AUT"]
[SourceTitle "playchess.com"]
[Source "ChessBase"]
[SourceQuality "1"]
[TimeControl "180+2"]

1. e4 c5 2. Nf3 e6 3. d4 cxd4 4. Nxd4 Nf6 5. Nc3 Nc6 6. Ndb5 Bb4 7. Nd6+ Ke7 8. Bf4 e5 9. Nf5+ Kf8 10. Bg5 d5 11. a3 Bxc3+ 12. bxc3 Qa5 13. Be2 Nxe4 14. Nxg7 Nxg5 15. Nh5 Qxc3+ 16. Kf1 Be6 17. Rb1 Rb8 18. Rb3 Qc5 19. Rg3 Ne4 20. Rf3 Bg4 21. Qc1 Bxf3 22. Qh6+ Ke8 0-1

[Event "Austria Championship Blitz 2024"]
[Site "Innsbruck"]
[Date "2024.06.01"]
[Round "5.14"]
[White "Polterauer, Chiara"]
[Black "Schnegg, Anna-Lena"]
[Result "1-0"]
[ECO "B06"]
[WhiteElo "2136"]
[BlackElo "2124"]
[Annotator "RC"]
[PlyCount "77"]
[EventDate "2024.06.01"]
[EventType "swiss"]
[EventCountry "AUT"]
[SourceTitle "playchess.com"]
[Source "ChessBase"]
[SourceQuality "1"]
[TimeControl "180+2"]

1. e4 g6 2. d4 Bg7 3. Nc3 e6 4. Be3 Ne7 5. Qd2 d5 6. f3 Nd7 7. exd5 Nxd5 8. Nxd5 exd5 9. O-O-O Nf6 10. Ne2 Bf5 11. g4 Bd7 12. Nf4 Qe7 13. g5 Nh5 14. Nxd5 Qd6 15. Bc4 O-O-O 16. Bb3 Bc6 17. c4 Bxd5 18. cxd5 f6 19. Kb1 Rde8 20. Rhe1 f5 21. Rc1 Kb8 22. f4 Re7 23. Rc3 Rhe8 24. Rec1 h6 25. Ba4 Rd8 26. Bd1 Qxd5 27. Bxh5 gxh5 28. Rc5 Qd6 29. gxh6 Bxh6 30. Qc3 Bg7 31. Rxf5 Rde8 32. Bf2 Qg6 33. Qc2 Rc8 34. Rg5 Qf6 35. Bg3 Bh6 36. Rxh5 Bxf4 37. Rf5 Qh6 38. Rxf4 Rd7 39. Rf5 1-0

[Event "Austria Championship Blitz 2024"]
[Site "Innsbruck"]
[Date "2024.06.01"]
[Round "5.15"]
[White "Schnegg, Daniel"]
[Black "Wimmer, Michael"]
[Result "1-0"]
[ECO "A02"]
[WhiteElo "2115"]
[BlackElo "2142"]
[Annotator "RC"]
[PlyCount "59"]
[EventDate "2024.06.01"]
[EventType "swiss"]
[EventCountry "AUT"]
[SourceTitle "playchess.com"]
[Source "ChessBase"]
[SourceQuality "1"]
[TimeControl "180+2"]

1. f4 e5 2. fxe5 d6 3. exd6 Bxd6 4. Nf3 g5 5. g3 Nc6 6. Bg2 g4 7. Nh4 Be7 8. Bxc6+ bxc6 9. Ng2 Bb7 10. e4 c5 11. d3 c4 12. Nc3 Bc5 13. Qe2 cxd3 14. cxd3 Ba6 15. Nf4 Qd4 16. Ncd5 O-O-O 17. Be3 Bb4+ 18. Kf1 Qe5 19. Nxb4 Nf6 20. Nxa6 Qb5 21. d4 Qb7 22. Rc1 Ne8 23. Nd5 Rxd5 24. exd5 Qxd5 25. Rg1 f5 26. Bf4 c6 27. Nb4 Qxd4 28. Rxc6+ Kd8 29. Qd2 Qxd2 30. Bxd2 1-0

[Event "Austria Championship Blitz 2024"]
[Site "Innsbruck"]
[Date "2024.06.01"]
[Round "5.16"]
[White "Blaas, Hansjoerg"]
[Black "Gutmann, Alois"]
[Result "1-0"]
[ECO "C06"]
[WhiteElo "2222"]
[BlackElo "1985"]
[Annotator "RC"]
[PlyCount "65"]
[EventDate "2024.06.01"]
[EventType "swiss"]
[EventCountry "AUT"]
[SourceTitle "playchess.com"]
[Source "ChessBase"]
[SourceQuality "1"]
[TimeControl "180+2"]

1. e4 e6 2. d4 d5 3. Nd2 Nf6 4. e5 Nfd7 5. Bd3 c5 6. c3 Nc6 7. Ne2 a6 8. f4 Qb6 9. Nf3 cxd4 10. Nexd4 Nxd4 11. Nxd4 Nb8 12. O-O Nc6 13. Be3 g6 14. b4 Bd7 15. Kh1 Rc8 16. Rc1 h5 17. Qf3 Qd8 18. Qg3 Be7 19. a3 Bh4 20. Qf3 Be7 21. c4 Nxd4 22. Bxd4 dxc4 23. Bxc4 Bc6 24. Qe3 h4 25. Bb6 Qd7 26. Rfd1 Bd5 27. Bxd5 exd5 28. h3 O-O 29. Qd3 Rxc1 30. Rxc1 Rc8 31. Rd1 Qa4 32. f5 Rc3 33. Qxd5 1-0

[Event "Austria Championship Blitz 2024"]
[Site "Innsbruck"]
[Date "2024.06.01"]
[Round "5.17"]
[White "Tumanyan, Gor"]
[Black "Casagrande, Harald"]
[Result "0-1"]
[ECO "B01"]
[WhiteElo "1992"]
[BlackElo "2290"]
[Annotator "RC"]
[PlyCount "132"]
[EventDate "2024.06.01"]
[EventType "swiss"]
[EventCountry "AUT"]
[SourceTitle "playchess.com"]
[Source "ChessBase"]
[SourceQuality "1"]
[TimeControl "180+2"]

1. e4 d5 2. exd5 Qxd5 3. Nf3 Bg4 4. Be2 Nc6 5. Nc3 Qd7 6. O-O Nf6 7. d3 e6 8. Bf4 Bd6 9. Bg3 O-O 10. Ne4 Be7 11. Ne5 Nxe5 12. Bxe5 Bxe2 13. Qxe2 Ne8 14. Rad1 f6 15. Bc3 Rd8 16. Rfe1 c6 17. h3 Nc7 18. b3 Rfe8 19. Bb2 Bb4 20. c3 Bf8 21. d4 Qf7 22. Bc1 Nd5 23. Bb2 Qg6 24. Qf3 Nc7 25. Qg3 Qxg3 26. Nxg3 Kf7 27. Kf1 Rd7 28. Rd2 c5 29. Red1 Red8 30. Ke1 cxd4 31. Rxd4 Rxd4 32. cxd4 Bb4+ 33. Ke2 Nd5 34. Rc1 Rd7 35. Ne4 Nf4+ 36. Ke3 Nxg2+ 37. Kf3 Nh4+ 38. Ke2 Nf5 39. Rc4 Be7 40. Nd2 h5 41. Nf3 g5 42. a4 Nd6 43. Rc2 Ne8 44. Rc8 Rc7 45. Rxc7 Nxc7 46. Kd3 Bd6 47. Kc4 Nd5 48. Bc3 Nf4 49. h4 g4 50. Ne1 Nh3 51. Bb4 Bxb4 52. Kxb4 Nxf2 53. Kc3 Ne4+ 54. Kd3 Nd6 55. Ng2 e5 56. b4 Ke6 57. b5 Kd5 58. dxe5 fxe5 59. Ne1 e4+ 60. Ke3 Nf5+ 61. Kf4 Nxh4 62. Nc2 Nf3 63. Ne3+ Kd4 64. Nf5+ Kd3 65. Ng3 e3 66. Ne4 e2 0-1

[Event "Austria Championship Blitz 2024"]
[Site "Innsbruck"]
[Date "2024.06.01"]
[Round "5.19"]
[White "Leonov, Leonid"]
[Black "Kondrak, Christoph"]
[Result "1-0"]
[ECO "B20"]
[WhiteElo "1739"]
[BlackElo "1972"]
[Annotator "RC"]
[PlyCount "49"]
[EventDate "2024.06.01"]
[EventType "swiss"]
[EventCountry "AUT"]
[SourceTitle "playchess.com"]
[Source "ChessBase"]
[SourceQuality "1"]
[TimeControl "180+2"]

1. e4 c5 2. a3 e6 3. b4 cxb4 4. axb4 Bxb4 5. c3 Be7 6. d4 d6 7. Bd3 Nf6 8. f4 b6 9. Nf3 Bb7 10. e5 dxe5 11. fxe5 Nd5 12. O-O O-O 13. Bc2 Qc7 14. Qd3 g6 15. Bh6 Rd8 16. Ng5 Bxg5 17. Bxg5 Nc6 18. Bxd8 Rxd8 19. Nd2 Ncb4 20. cxb4 Nxb4 21. Qh3 Qxc2 22. Rxa7 Ba6 23. Raxf7 g5 24. Qh6 Qg6 25. Rf8+ 1-0

[Event "Austria Championship Blitz 2024"]
[Site "Innsbruck"]
[Date "2024.06.01"]
[Round "5.20"]
[White "Mira, Helene"]
[Black "Kuzmanovic, Zeljko"]
[Result "1-0"]
[ECO "E91"]
[WhiteElo "2047"]
[BlackElo "1866"]
[Annotator "RC"]
[PlyCount "104"]
[EventDate "2024.06.01"]
[EventType "swiss"]
[EventCountry "AUT"]
[SourceTitle "playchess.com"]
[Source "ChessBase"]
[SourceQuality "1"]
[TimeControl "180+2"]

1. d4 Nf6 2. c4 g6 3. Nc3 Bg7 4. e4 O-O 5. Be2 d6 6. Nf3 c5 7. d5 Na6 8. Bg5 h6 9. Bd2 Nc7 10. O-O a6 11. a4 Bd7 12. Qc2 Rb8 13. a5 b6 14. axb6 Rxb6 15. Rfb1 Qa8 16. Ne1 e6 17. Nd3 exd5 18. exd5 Bf5 19. Qa4 Re8 20. Bf1 Bxd3 21. Bxd3 Rb4 22. Qc6 Qxc6 23. dxc6 Reb8 24. Bf4 Nfe8 25. Nd5 Be5 26. Bxe5 dxe5 27. Nxb4 Rxb4 28. b3 Nd6 29. Bc2 Kf8 30. Ra5 Ke7 31. Rxc5 Ke6 32. Re1 f6 33. f4 Nf7 34. Bxg6 Nh8 35. Bc2 Nf7 36. g4 Rb8 37. Kf2 Rd8 38. Re2 Rd4 39. Kf3 Rxf4+ 40. Kg3 Ng5 41. Bf5+ Ke7 42. Rd2 Rd4 43. Rxd4 exd4 44. h4 Nf7 45. Ra5 Ne5 46. b4 Nxc4 47. Ra1 Ne5 48. Kf4 d3 49. g5 hxg5+ 50. hxg5 fxg5+ 51. Kxe5 d2 52. Rd1 Ne8 1-0

[Event "Austria Championship Blitz 2024"]
[Site "Innsbruck"]
[Date "2024.06.01"]
[Round "5.21"]
[White "Babinetz, Rainer"]
[Black "Kummer, Helmut"]
[Result "0-1"]
[ECO "A09"]
[WhiteElo "1967"]
[BlackElo "2212"]
[Annotator "RC"]
[PlyCount "70"]
[EventDate "2024.06.01"]
[EventType "swiss"]
[EventCountry "AUT"]
[SourceTitle "playchess.com"]
[Source "ChessBase"]
[SourceQuality "1"]
[TimeControl "180+2"]

1. Nf3 d5 2. c4 d4 3. d3 c5 4. g3 Nc6 5. Bg2 e5 6. a3 a5 7. Qc2 Be7 8. e3 Nf6 9. O-O O-O 10. Nbd2 Bf5 11. e4 Bd7 12. h3 Ne8 13. Nh2 Qc8 14. g4 Bd6 15. Re1 Ne7 16. Ndf1 Ng6 17. Ng3 Nc7 18. Ne2 Ne6 19. Rf1 Qc7 20. Nf3 Rab8 21. Bd2 b6 22. Rab1 f6 23. Qc1 h6 24. Ng3 Ng5 25. Nh2 Nh4 26. f4 exf4 27. Bxf4 Bxf4 28. Qxf4 Qxf4 29. Rxf4 Rbe8 30. Nf5 Bxf5 31. gxf5 Nxg2 32. Kxg2 Nf7 33. Ng4 Ne5 34. Nxe5 fxe5 35. b4 exf4 0-1

[Event "Austria Championship Blitz 2024"]
[Site "Innsbruck"]
[Date "2024.06.01"]
[Round "5.22"]
[White "Haralcic, Edin"]
[Black "Gschiel, Alexander"]
[Result "0-1"]
[ECO "D05"]
[WhiteElo "1936"]
[BlackElo "2355"]
[Annotator "RC"]
[PlyCount "52"]
[EventDate "2024.06.01"]
[EventType "swiss"]
[EventCountry "AUT"]
[SourceTitle "playchess.com"]
[Source "ChessBase"]
[SourceQuality "1"]
[TimeControl "180+2"]

1. Nf3 d5 2. b3 Nf6 3. Bb2 e6 4. e3 c5 5. d4 Nc6 6. Nbd2 cxd4 7. exd4 Bd6 8. a3 O-O 9. Bd3 Ne7 10. O-O Ng6 11. Bxg6 hxg6 12. Ne5 g5 13. Re1 g6 14. Nf1 Kg7 15. Ng3 b6 16. c4 dxc4 17. Nxc4 Nd5 18. Ne3 Bb7 19. Nxd5 Bxd5 20. Ne4 Bc7 21. Nc3 Rh8 22. g3 Rxh2 23. Nxd5 Qxd5 24. Kf1 Bxg3 25. f3 Bxe1 26. Kxe1 Rh1+ 0-1

[Event "Austria Championship Blitz 2024"]
[Site "Innsbruck"]
[Date "2024.06.01"]
[Round "5.23"]
[White "Keferboeck, Jewgeni"]
[Black "Frolik, Michael"]
[Result "1-0"]
[ECO "B95"]
[WhiteElo "1957"]
[BlackElo "1984"]
[Annotator "RC"]
[PlyCount "31"]
[EventDate "2024.06.01"]
[EventType "swiss"]
[EventCountry "AUT"]
[SourceTitle "playchess.com"]
[Source "ChessBase"]
[SourceQuality "1"]
[TimeControl "180+2"]

1. e4 c5 2. Nf3 d6 3. d4 cxd4 4. Nxd4 Nf6 5. Nc3 a6 6. Bc4 e6 7. Bb3 Qc7 8. Bg5 Be7 9. Qe2 Bd7 10. O-O-O Nc6 11. Bxf6 Bxf6 12. Nd5 exd5 13. exd5+ Ne7 14. f4 O-O 15. g4 Bxd4 16. Rxd4 1-0

[Event "Austria Championship Blitz 2024"]
[Site "Innsbruck"]
[Date "2024.06.01"]
[Round "5.24"]
[White "Erhard, Jakob"]
[Black "Karall, Lorenz"]
[Result "1-0"]
[ECO "B07"]
[WhiteElo "2057"]
[BlackElo "1869"]
[Annotator "RC"]
[PlyCount "88"]
[EventDate "2024.06.01"]
[EventType "swiss"]
[EventCountry "AUT"]
[SourceTitle "playchess.com"]
[Source "ChessBase"]
[SourceQuality "1"]
[TimeControl "180+2"]

1. e4 d6 2. Bc4 Nf6 3. d3 c6 4. Nc3 g6 5. f4 Bg7 6. h3 O-O 7. g4 d5 8. exd5 cxd5 9. Bb3 Nc6 10. Nf3 e6 11. Ne2 Na5 12. Be3 Nxb3 13. axb3 a6 14. Qd2 Qc7 15. c3 Bd7 16. b4 Bb5 17. Ned4 Bc6 18. O-O Rae8 19. Ne5 Nd7 20. Nexc6 bxc6 21. Rxa6 c5 22. Rc6 Qa7 23. bxc5 Nxc5 24. b4 Nd7 25. Qb2 Qb7 26. b5 e5 27. fxe5 Nxe5 28. Ra6 Nxd3 29. Qd2 Nc5 30. Rc6 Ne4 31. Qd3 Qe7 32. Bf4 Qh4 33. Kg2 Nxc3 34. Rxc3 Re4 35. Nf3 Qe7 36. Bd2 Re2+ 37. Kg1 d4 38. Rc2 Re4 39. Bg5 Qd6 40. Qxe4 Qg3+ 41. Rg2 Qxh3 42. Nxd4 h6 43. Bf6 Bxf6 44. Rxf6 Qc3 1-0

[Event "Austria Championship Blitz 2024"]
[Site "Innsbruck"]
[Date "2024.06.01"]
[Round "6.1"]
[White "Shengelia, David"]
[Black "Schwabeneder, Florian"]
[Result "0-1"]
[ECO "B07"]
[WhiteElo "2465"]
[BlackElo "2405"]
[Annotator "TA"]
[PlyCount "91"]
[EventDate "2024.06.01"]
[EventType "swiss"]
[EventCountry "AUT"]
[SourceTitle "playchess.com"]
[Source "ChessBase"]
[SourceQuality "1"]
[TimeControl "180+2"]

1. d4 d6 2. e4 Nf6 3. Nc3 g6 4. g3 Bg7 5. Bg2 O-O 6. Nge2 Nbd7 7. h3 c5 8. Be3 Rb8 {[%emt 0:00:05] [#]} 9. e5 dxe5 $11 10. dxc5 {[%emt 0:00:01] [#]} e4 $1 {[%emt 0:00:40] The position is equal.} 11. O-O ({Much worse is} 11. Bxe4 Nxe4 12. Nxe4 Bxb2 $17) (11. Qd4 Qc7) 11... Ne5 (11... Qc7 $11) 12. Nxe4 (12. Qxd8 $14 Rxd8 13. Rfd1) 12... Nxe4 $15 13. Bxe4 Bxh3 14. Qxd8 Rfxd8 15. Rfd1 Bg4 16. Rxd8+ Rxd8 17. Nc3 Rd7 18. Re1 {[%emt 0:00:29] [#]} (18. a4 $15) 18... Nf3+ $1 $19 19. Bxf3 Bxf3 20. Nb5 (20. Kh2 $17) 20... a6 21. Nc3 Bxc3 22. bxc3 Rd1 (22... f6 $19 23. c4 e5) 23. Rxd1 $17 Bxd1 {[%emt 0:00:01][%mdl 4096] Endgame. KB-KB} 24. f4 Bxc2 25. Kf2 Be4 26. Bd4 f6 27. Ke3 Bd5 28. a4 (28. a3 $17) 28... h5 29. Kd3 $2 (29. c6 $17) 29... Kf7 ({Black should try} 29... Bc6 $19 30. a5 Kf7) 30. c4 $2 {This move loses the game for White.} (30. c6 $17 {only move.}) 30... Bc6 $19 31. a5 (31. Ke2 {was necessary.}) 31... Ke6 {[%emt 0:00:01] White must now prevent ...Kf5.} 32. Bf2 Kf5 33. Ke3 Kg4 {[%emt 0:00:04] Hoping for ...e5.} 34. Be1 g5 35. fxg5 fxg5 36. Bf2 e5 (36... h4 $142 37. gxh4 gxh4) 37. Be1 h4 38. gxh4 gxh4 39. Bc3 Kf5 40. Be1 Kg5 41. Bc3 e4 $2 (41... Kf6 {( -> ...h3)} 42. Kf2 Kf5) 42. Be5 $2 (42. Be1) 42... Kg4 $2 (42... Kf5 43. Bh2 Kg4) 43. Bd6 {[%emt 0:00:07] [#]} (43. Bc3 $19) 43... Kh3 $1 {[%emt 0:00:02] Black mates.} 44. Kf2 {[%emt 0:00:02] [#]} e3+ $1 45. Kxe3 (45. Kg1 Kg4) 45... Kg2 46. Kd4 {[%emt 0:00:17] Weighted Error Value: White=0.81/Black=0.73.  Mistake:       	White=9     	Black=4      Inaccurate:     	White=2     	---        OK:         	White=6     	Black=8      Best:        	White=5     	Black=3      Strong:       	---       	Black=1} 0-1

[Event "Austria Championship Blitz 2024"]
[Site "Innsbruck"]
[Date "2024.06.01"]
[Round "6.2"]
[White "Platzgummer, Fabian"]
[Black "Balint, Peter"]
[Result "1-0"]
[ECO "D33"]
[WhiteElo "2311"]
[BlackElo "2343"]
[Annotator "RC"]
[PlyCount "53"]
[EventDate "2024.06.01"]
[EventType "swiss"]
[EventCountry "AUT"]
[SourceTitle "playchess.com"]
[Source "ChessBase"]
[SourceQuality "1"]
[TimeControl "180+2"]

1. Nf3 Nf6 2. c4 c5 3. Nc3 e6 4. g3 d5 5. cxd5 exd5 6. d4 Nc6 7. Bg2 cxd4 8. Nxd4 Bc5 9. Nxc6 bxc6 10. O-O O-O 11. Bf4 Bd7 12. Rc1 Bb6 13. Na4 Re8 14. b4 h5 15. Nc5 Ng4 16. h3 Ne5 17. e4 Ng6 18. Be3 Bxc5 19. Rxc5 dxe4 20. Qxh5 Qf6 21. Rd1 Qe6 22. Rd4 Rad8 23. Bxe4 Qxa2 24. Bxg6 fxg6 25. Qxg6 Be6 26. Rg5 Qa1+ 27. Kh2 1-0

[Event "Austria Championship Blitz 2024"]
[Site "Innsbruck"]
[Date "2024.06.01"]
[Round "6.3"]
[White "Binder, Moriz"]
[Black "Horvath, Dominik"]
[Result "0-1"]
[ECO "D02"]
[WhiteElo "2210"]
[BlackElo "2554"]
[Annotator "TA"]
[PlyCount "68"]
[EventDate "2024.06.01"]
[EventType "swiss"]
[EventCountry "AUT"]
[SourceTitle "playchess.com"]
[Source "ChessBase"]
[SourceQuality "1"]
[TimeControl "180+2"]

1. d4 Nf6 2. Nf3 g6 3. Nbd2 d5 4. b4 a5 5. b5 c5 6. bxc6 Nxc6 7. e3 Bf5 8. a3 {[%emt 0:00:16] The position is equal.} Bg7 9. c4 O-O 10. Be2 Ne4 (10... e5 {feels hotter.} 11. dxe5 Ne4 12. Bb2 dxc4 13. Nxc4 b5) 11. Nxe4 Bxe4 12. O-O e5 13. cxd5 Bxd5 (13... exd4 $5 14. exd4 (14. dxc6 d3 $17) 14... Qxd5 $17 (14... Bxd5 15. a4 $15)) 14. dxe5 Nxe5 15. Rb1 {[%emt 0:00:17] [#] And now Nxe5 would win.} Be4 16. Rb5 Nd3 (16... Bc6 $15 17. Rxe5 Bxf3) 17. Bd2 (17. Ng5 $5 Nxc1 18. Nxe4 Nxe2+ 19. Qxe2 $11) 17... Bc6 18. Rb1 (18. Rxa5 $1 $11 Rxa5 19. Bxa5 Qxa5 20. Qxd3) 18... Rc8 ({Better is} 18... Nb2 $15 19. Qc1 Be4 20. Rxb2 Rc8) 19. Bxa5 $11 Qxa5 20. Qxd3 Rfd8 21. Qb3 Be4 {[%emt 0:00:09] A strong pair of Bishops.} 22. Qb4 Qf5 23. Rbd1 Bf8 24. Qb2 Rxd1 25. Rxd1 Rc2 26. Qb5 Qxb5 (26... Bxa3 $2 {too greedy.} 27. Qe8+ Bf8 28. Rd8 $18) 27. Bxb5 Bxa3 28. Nd4 Rc7 29. f3 Bd5 30. Nc2 Rxc2 31. Rxd5 Bc5 32. Re5 b6 33. h4 Kg7 34. Kh2 $2 {[%emt 0:00:01][%mdl 8192] [#]} (34. Kf1 $11) 34... Bd6 {[%emt 0:00:00] Weighted Error Value: White=0.35/Black=0.12 (very precise) .  Loses game:     	White=1     	---        Mistake:       	White=2     	Black=2      Inaccurate:     	White=3     	Black=3      OK:         	White=8     	Black=13} 0-1

[Event "Austria Championship Blitz 2024"]
[Site "Innsbruck"]
[Date "2024.06.01"]
[Round "6.4"]
[White "Wetscher, Wolfgang"]
[Black "Kruckenhauser, Arthur"]
[Result "0-1"]
[ECO "A00"]
[WhiteElo "1937"]
[BlackElo "2340"]
[Annotator "RC"]
[PlyCount "97"]
[EventDate "2024.06.01"]
[EventType "swiss"]
[EventCountry "AUT"]
[SourceTitle "playchess.com"]
[Source "ChessBase"]
[SourceQuality "1"]
[TimeControl "180+2"]

1. c3 g6 2. Qc2 Bg7 3. d3 b6 4. Nd2 Bb7 5. e4 e6 6. Ngf3 Ne7 7. Be2 d6 8. Nf1 Nd7 9. Ng3 c5 10. Bd2 Qc7 11. Rd1 a6 12. Qc1 h5 13. h4 b5 14. Ng5 Rf8 15. Nh7 Rh8 16. Ng5 Nc6 17. Be3 Nb6 18. f4 O-O-O 19. a3 Rhf8 20. Nh7 Rfe8 21. Ng5 Re7 22. Nf3 f5 23. Ng5 Rde8 24. O-O Nd7 25. Nh1 Bf6 26. Nf2 Bxg5 27. fxg5 Rf8 28. Nh3 fxe4 29. Rxf8+ Nxf8 30. dxe4 Ne5 31. Bf4 Bxe4 32. Bxe5 dxe5 33. Nf2 Bb7 34. Bf3 Bxf3 35. gxf3 Rf7 36. Qe3 Rd7 37. Rd2 Rxd2 38. Qxd2 Qd7 39. Qxd7+ Nxd7 40. Ne4 Kc7 41. Kf2 c4 42. Ke3 Kc6 43. Kd2 Nb6 44. Nf6 Nd5 45. Nh7 Kd6 46. Nf8 Nf4 47. Nh7 Ng2 48. Nf8 Nxh4 49. Ke1 0-1